cohdb
Replays
Latest Replays
All Replays
Popular Replays
Top Player Replays
Match Explorer
How It Works
Community
CoH3 Stats
Reddit
Sign in to upload your games and track your stats! →
Sign in with Steam
Match 42659376
Unlisted
Match 42659376
Overview
Messages
Build Orders
End
Royal Engineer Section
Royal Engineer Section
Selects Canadian Shock Battlegroup
Selects Attacking Spirit
Selects Canadian Shock Section
Canadian Shock Section
Construct Section Command Post
Construct Platoon Command Post
Selects Incendiary Munitions
Unlock Bishop Self-propelled Artillery
Bishop Self-propelled Artillery
Selects Pyrotechnics
Canadian Shock Section
Luchs
MadTheSirius
求好運的胖子
karmen kuvavich
fmas3
-=]OV[=-Mcgiver
Valar[M]orgHulis
Fred the Fish
0
0
Comments
sign in to comment!
No comments posted yet!